 Dungeon Crawl Stone Soup version 0.29-a0-222-g5b244fca1f (webtiles) character file.

Game seed: 1967751760588621921

151442 Penntra the Unseen (level 17, -22/89 HPs)
             Began as a Spriggan Enchanter on Feb 27, 2022.
             Was the Champion of Dithmenos.
             Annihilated by a radroach (51 damage)
             ... on level 3 of the Lair of Beasts.
             The game lasted 02:19:14 (36726 turns).

Penntra the Unseen (Spriggan Enchanter)            Turns: 36726, Time: 02:19:14

Health: -22/89     AC: 13    Str: 10    XL:     17   Next: 0%
Magic:  25/38      EV: 35    Int: 16    God:    Dithmenos [******]
Gold:   2711       SH:  0    Dex: 25    Spells: 19/49 levels left

rFire   + . .      SeeInvis +   B - +8 quick blade (freeze)
rCold   . . .      Faith    .   (no shield)
rNeg    . . .      Spirit   .   v - +5 steam dragon scales
rPois   +          Reflect  .   E - +2 hat of the Lychee {rPois Dex+7}
rElec   .          Harm     .   y - +0 cloak
rCorr   +          Rampage  .   (gloves unavailable)
Will    ++...                   (boots unavailable) Stlth ****++++++
                                a - amulet of regeneration
HPRegen 1.04/turn               d - ring of resist corrosion
MPRegen 0.26/turn               L - ring of protection from fire

@: confusing by touch, very slightly contaminated, slowed, wreathed by umbra,
quick
A: very small, no large weapons, unfitting armour, see invisible, speed 3, agile
1, dopey 1
a: Renounce Religion, Shadow Step, Shadow Form


You were on level 3 of the Lair of Beasts.
You worshipped Dithmenos.
Dithmenos was exalted by your worship.
You visited 6 branches of the dungeon, and saw 28 of its levels.
You also visited: Bailey.

You collected 3690 gold pieces.
You spent 979 gold pieces at shops.

Inventory:

Hand Weapons
 n - a +1 rapier of electrocution
 B - a +8 quick blade of freezing (weapon)
Missiles
 e - 52 poisoned darts (quivered)
 q - 2 throwing nets
 s - 5 curare-tipped darts
 J - 6 atropa-tipped darts
Armour
 v - +5 steam dragon scales (worn)
 y - a +0 cloak (worn)
 E - the +2 hat of the Lychee (worn) {rPois Dex+7}
   (You acquired it on level 12 of the Dungeon)

   Dex:       It affects your dexterity (+7).
   rPois:     It protects you from poison.
 G - a +1 cloak of willpower
Jewellery
 a - an amulet of regeneration (around neck)
 d - a ring of resist corrosion (left hand)
 F - an amulet of the acrobat
 L - a ring of protection from fire (right hand)
Wands
 x - a wand of flame (90)
 A - a wand of paralysis (27)
 C - a wand of mindburst (3)
 K - a wand of polymorph (20)
 N - a wand of iceblast (8)
Scrolls
 c - a scroll of magic mapping
 f - a scroll of immolation
 o - 17 scrolls of teleportation
 r - 8 scrolls of amnesia
 D - a scroll of fog
 H - 2 scrolls of fear
 I - 5 scrolls of blinking
Potions
 b - 4 potions of flight
 g - 6 potions of resistance
 h - 4 potions of lignification
 i - 8 potions of brilliance
 j - a potion of heal wounds
 l - 6 potions of curing
 m - a potion of berserk rage
 p - 7 potions of attraction
 t - 2 potions of magic
 u - 7 potions of might
 w - 2 potions of ambrosia
 z - a potion of haste
 M - a potion of cancellation
Miscellaneous
 k - a phial of floods (inert)


   Skills:
 + Level 10.3 Fighting
 - Level 12.0 Short Blades
 + Level 15.8 Dodging
 + Level 20.3 Stealth
 + Level 16.6 Spellcasting
 + Level 16.8 Hexes
 - Level 6.0 Earth Magic


You had 19 spell levels left.
You knew the following spells:

 Your Spells              Type           Power      Damage    Failure   Level
a - Ensorcelled Hibernat  Hex/Ice        80%        N/A       1%          2
b - Tukima's Dance        Hex            61%        N/A       0%          3
c - Dazzling Flash        Conj/Hex       80%        N/A       1%          3
d - Confusing Touch       Hex            61%        N/A       0%          3
e - Enfeeble              Hex            30%        N/A       4%          7
f - Lee's Rapid Deconstr  Erth           16%        3d11*     11%         5
g - Stone Arrow           Conj/Erth      44%        3d9       4%          3
h - Dispel Undead         Necr           13%        3d9       41%         4

Your spell library contained the following spells:

 Spells                   Type           Power      Damage    Failure   Level
 Slow                     Hex            100%       N/A       0%          1
 Sandblast                Erth           64%        2d14      1%          1
 Passwall                 Tmut/Erth      18%        N/A       1%          2
 Inner Flame              Hex/Fire       40%        N/A       1%          3
 Portal Projectile        Hex/Tloc       80%        N/A       1%          3
 Fulminant Prism          Conj/Hex       20%        3d13      1%          4
 Foxfire                  Conj/Fire      52%        2x1d6     4%          1
 Silence                  Hex/Air        20%        N/A       4%          5
 Yara's Violent Unravell  Hex/Tmut       20%        3d9       4%          5
 Static Discharge         Conj/Air       13%        N/A       7%          2
 Sublimation of Blood     Necr           13%        N/A       7%          2
 Wereblood                Tmut           13%        N/A       7%          2
 Conjure Flame            Conj/Fire      13%        6-21      14%         3
 Gell's Gravitas          Tloc           13%        N/A       14%         3
 Ignite Poison            Fire/Tmut/Pois 13%        N/A       14%         3
 Lesser Beckoning         Tloc           13%        N/A       14%         3
 Teleport Other           Tloc           13%        N/A       14%         3
 Vampiric Draining        Necr           13%        2d6       14%         3
 Animate Dead             Necr           6%         N/A       41%         4
 Flame Wave               Conj/Fire      13%        2d6       41%         4
 Iskenderun's Mystic Bla  Conj/Tloc      13%        2d5       41%         4
 Passage of Golubria      Tloc           13%        N/A       41%         4
 Sticky Flame             Conj/Fire      13%        2d4       41%         4
 Blade Hands              Tmut           6%         N/A       77%         5
 Excruciating Wounds      Necr           6%         N/A       77%         5
 Haunt                    Necr/Summ      6%         N/A       100%        7
 Summon Hydra             Summ           6%         N/A       100%        7
 Infestation              Necr           6%         N/A       100%        8
 Lehudib's Crystal Spear  Conj/Erth      11%        10d4      100%        8


Dungeon Overview and Level Annotations

Branches:
Dungeon (15/15)            Temple (1/1) D:4            Lair (6/6) D:10
  Swamp (3/4) Lair:2       Spider (1/4) Lair:3        Slime (0/5) Lair:5
    Orc (2/2) D:12            Elf (0/3) Orc:2        Vaults (0/5) D:14
 Depths (0/4) D:15         Bailey (visited)

Altars:
Ashenzari
Dithmenos
Elyvilon
Fedhas
Gozag
Hepliaklqana
Kikubaaqudgha
Makhleb
Nemelex Xobeh
Okawaru
Qazlal
Ru
Sif Muna
Trog
Uskayaw
Wu Jian
Xom
Yredelemnul
Zin
The Shining One
Jiyva

Shops:
D:8 :   Orc:2 ?:(?

Annotations:
Lair:5 2 runed translucent doors, Bapho's ghost, journeyman DrBe
Orc:2 3 runed translucent doors, exclusion: obsidian statue, Viceroy's ghost, journeyman OgBe


Innate Abilities, Weirdness & Mutations

You are very small and have problems with some larger weapons.
You are too small for most types of armour.
You have supernaturally acute eyesight. (SInv)
You cover ground extremely quickly. (Speed+++)
You are agile. (Dex +2)
You are dopey. (Int -2)


Message History

The redback looks drowsy...
Your shadow mimicks your spell!
The redback is unaffected.
The helpless redback fails to defend itself.
You spit the redback like a pig!!!!! You freeze the redback!
You kill the redback!
Dithmenos accepts your kill.
Casting: Ensorcelled Hibernation (safe; 1% risk of failure)
Confirm with . or Enter, or press ? or * to list all spells.
Aiming: Ensorcelled Hibernation (safe; 1% risk of failure)
Press: ? - help, Shift-Dir - straight line, f - radroach
Aim: a radroach (soul bound, umbra, chance to affect: 31%)
The radroach easily resists.
Casting: Ensorcelled Hibernation (safe; 1% risk of failure)
Confirm with . or Enter, or press ? or * to list all spells.
Aiming: Ensorcelled Hibernation (safe; 1% risk of failure)
Press: ? - help, Shift-Dir - straight line, f/p - radroach
Aim: a radroach (soul bound, umbra, chance to affect: 31%)
The radroach easily resists.
Being near the torpor snail leaves you feeling lethargic.
Casting: Ensorcelled Hibernation (safe; 1% risk of failure)
Confirm with . or Enter, or press ? or * to list all spells.
Aiming: Ensorcelled Hibernation (safe; 1% risk of failure)
Press: ? - help, Shift-Dir - straight line, f/p - radroach
Aim: a radroach (soul bound, umbra, chance to affect: 31%)
The radroach easily resists.
The radroach closely misses you. The radroach completely misses you.
The radroach erupts in a fountain of uncontrolled magic!
You are blasted with magical radiation!!!
Ouch! That really hurt!
You emit a cloud of dark smoke.
You are very lightly contaminated with residual magic.
Casting: Ensorcelled Hibernation (safe; 1% risk of failure)
Confirm with . or Enter, or press ? or * to list all spells.
Your hands begin to glow red.
The radroach completely misses you. x2
You hit the radroach but do no damage.
Your shadow barely misses the radroach.
The radroach erupts in a fountain of uncontrolled magic!
You are blasted with magical radiation!!!
Ouch! That really hurt!
You die...

............#####......P......#..
........................PP.....#.
#...................PP...P....###
##....>.............P.........##.
#.P...P..........................
...............>.................
#..............§§§§..#...........
#..............§§§§............##
...............§@§§...........P##
#.....##.......B§.§............##
##....#.#...............P#....P#.
....w......w.......#....###......
##.................##...####..P..
##....#.#............#...#.#..P..
#.....#.#........................
.................................
........................###......


You could see a radroach (soul bound) and a torpor snail (soul bound).

Vanquished Creatures
  Nikola (Swamp:2)
  Jorgrun (Orc:2)
  Frances (D:12)
  2 fenstrider witches
  2 ghouls (Swamp:2)
  A broodmother (Lair:3)
  2 eleionomae (Swamp:2)
  An ettin (Orc:1)
  Snorg (D:13)
  Josephine (D:12)
  A rakshasa (D:15)
  2 vault guards (D:14)
  19 hydras
  5 ogre magi
  5 boulder beetles
  5 centaur warriors
  3 ghost crabs
  8 alligators
  A death knight (D:15)
  20 two-headed ogres
  A shock serpent (shapeshifter) (D:14)
  4 death yaks (Lair:6)
  Sonja (D:11)
  3 goliath frogs
  A pharaoh ant (Lair:3)
  2 fire crabs
  Lodul (D:10)
  A death drake (Swamp:3)
  3 spriggan druids
  2 swamp dragons
  5 bog bodies
  A lindwurm (Lair:6)
  3 deep elf zephyrmancers (D:15)
  3 orc knights
  A necromancer (D:15)
  A wizard (D:15)
  2 deep elf pyromancers
  3 wolf spiders (Lair:3)
  13 ugly things
  3 cyclopes
  2 orc sorcerers
  2 manticores
  2 will-o-the-wisps (Swamp:3)
  6 elephants (Lair:3)
  Maurice (D:8)
  10 black mambas
  2 torpor snails (Lair:6)
  12 cane toads
  Maggie (D:6)
  A centaur skeleton (D:15)
  2 demonic crawlers (Lair:3)
  2 gargoyles
  12 komodo dragons
  A kobold demonologist (D:14)
  5 rime drakes
  3 polar bears
  A polar bear (shapeshifter) (D:13)
  A bloated husk (Swamp:3)
  3 trolls
  12 hornets
  2 tarantellas
  8 tyrant leeches
  15 slime creatures
  A wolf spider simulacrum (D:15)
  3 blink frogs (Lair:2)
  22 dream sheep (Lair:6)
  A culicivora (Spider:1)
  4 jumping spiders
  A dancing weapon (D:15)
  7 wraiths
  19 spriggans
  A shadow (D:10)
  3 fire bats (Lair:6)
  49 yaks
  A wyvern (Lair:5)
  9 humans (D:14)
  2 basilisks
  Grum (D:9)
  2 steam dragons
  18 redbacks
  14 vampire mosquitoes
  8 wargs
  Menkaure (D:6)
  12 swamp worms
  4 acid dragons
  13 water moccasins
  8 black bears
  14 orc warriors
  A swamp drake (Swamp:1)
  2 sky beasts
  A hornet zombie (D:15)
  4 necrophages
  39 ogres
  4 boggarts (Lair:6)
  26 wolves
  3 centaurs
  A phantom (D:7)
  A kobold brigand (D:8)
  19 bullfrogs
  2 scorpions
  8 killer bees
  10 wights
  2 electric eels
  7 orc priests
  3 hounds
  Crazy Yiuf (D:7)
  A gnoll shaman (D:5)
  3 iguanas
  10 orc wizards
  6 hell rats (Lair:4)
  6 gnolls
  11 adders
  A shadow imp (D:5)
  A white imp (D:7)
  2 dart slugs
  A worm (D:4)
  62 orcs
  8 ball pythons
  5 endoplasms
  3 giant cockroaches
  10 goblins
  10 hobgoblins
  8 jackals
  6 quokkas
  2 bats (D:1)
  8 frilled lizards
  21 kobolds
  4 rats
  A butterfly (Lair:6)
784 creatures vanquished.

Vanquished Creatures (collateral kills)
  6 two-headed ogres
  A warg (Orc:1)
  Duvessa (D:7)
  6 ogres
  7 orc warriors
  A wolf (D:9)
  Dowan (D:7)
  5 wights
  2 orc priests (D:7)
  An orc wizard (D:9)
  A gnoll (D:5)
  21 orcs
53 creatures vanquished.

Vanquished Creatures (others)
  A human (D:14)
  32 dancing weapons
  A warg (Orc:2)
  A gnoll (D:6)
  An orc (D:6)
  2 foxfires (Swamp:3)
  18 fungi
  72 plants
128 creatures vanquished.

Grand Total: 965 creatures vanquished

Notes
Turn   | Place    | Note
-------+----------+-------------------------------------------
     0 | D:1      | Penntra the Spriggan Enchanter began the quest for the Orb.
     0 | D:1      | Reached XP level 1. HP: 9/9 MP: 5/5
   322 | D:1      | Reached XP level 2. HP: 13/13 MP: 7/7
   335 | D:1      | Learned a level 2 spell: Ensorcelled Hibernation
   862 | D:1      | Found a faded altar of an unknown god.
   897 | D:1      | Reached XP level 3. HP: 8/16 MP: 1/9
  1108 | D:1      | Learned a level 3 spell: Tukima's Dance
  1112 | D:1      | Learned a level 3 spell: Confusing Touch
  2389 | D:3      | Reached XP level 4. HP: 21/21 MP: 11/11
  2410 | D:3      | Reached skill level 5 in Hexes
  3007 | D:3      | Noticed a black bear
  3014 | D:3      | Killed a black bear
  3015 | D:3      | Reached skill level 5 in Spellcasting
  3015 | D:3      | Reached XP level 5. HP: 12/24 MP: 11/13
  3344 | D:3      | Learned a level 3 spell: Dazzling Flash
  3509 | D:3      | You fall into a shaft and drop 1 floor!
  3646 | D:4      | Reached XP level 6. HP: 15/28 MP: 10/15
  3858 | D:4      | Found a glowing silver altar of Zin.
  3957 | D:4      | Found a staircase to the Ecumenical Temple.
  3968 | Temple   | Entered the Ecumenical Temple
  4090 | Temple   | Became a worshipper of Dithmenos the Shadowed
  4114 | D:4      | Reached skill level 5 in Stealth
  4940 | D:4      | Reached skill level 6 in Stealth
  5027 | D:4      | Reached XP level 7. HP: 23/32 MP: 17/17
  5343 | D:5      | Entered Level 5 of the Dungeon
  5614 | D:5      | Reached * piety under Dithmenos
  5831 | D:5      | Found a sparkling altar of Nemelex Xobeh.
  5836 | D:5      | Found a broken altar of Ashenzari.
  5842 | D:5      | Found a hide-covered altar of Uskayaw.
  5953 | D:5      | Reached skill level 7 in Stealth
  6137 | D:5      | Reached XP level 8. HP: 36/36 MP: 11/20
  6225 | D:5      | Reached skill level 8 in Stealth
  6692 | D:6      | Noticed Menkaure
  6692 | D:6      | Found a hazy altar of Hepliaklqana.
  6702 | D:6      | Killed Menkaure
  6951 | D:6      | Reached skill level 9 in Stealth
  7700 | D:6      | Reached skill level 10 in Stealth
  7773 | D:6      | Reached ** piety under Dithmenos
  7840 | D:6      | Noticed Maggie
  8047 | D:6      | Reached XP level 9. HP: 39/39 MP: 23/23
  8051 | D:6      | Killed Maggie
  8398 | D:7      | Reached skill level 1 in Fighting
  9326 | D:7      | Noticed Duvessa
  9326 | D:7      | Noticed Dowan
  9598 | D:7      | Killed Duvessa
  9601 | D:7      | Killed Dowan
  9855 | D:7      | Found a runed translucent door.
  9856 | D:7      | Noticed Crazy Yiuf
  9862 | D:7      | Killed Crazy Yiuf
  9863 | D:7      | Reached skill level 11 in Stealth
 10013 | D:8      | Reached skill level 10 in Hexes
 10109 | D:8      | Found Cagh's Book Emporium.
 10268 | D:8      | Noticed Maurice
 10275 | D:8      | Killed Maurice
 10276 | D:8      | Reached skill level 5 in Dodging
 10471 | D:8      | Reached *** piety under Dithmenos
 10707 | D:8      | Found a sacrificial altar of Ru.
 10806 | D:9      | Reached XP level 10. HP: 40/47 MP: 21/24
 10917 | D:9      | Reached skill level 10 in Spellcasting
 11142 | D:9      | Noticed a two-headed ogre
 11153 | D:9      | Killed a two-headed ogre
 11629 | D:9      | Noticed Grum
 11636 | D:9      | Reached skill level 12 in Stealth
 11637 | D:9      | Killed Grum
 11861 | D:10     | Entered Level 10 of the Dungeon
 11880 | D:10     | Found a bloodstained altar of Trog.
 12171 | D:10     | Found a flagged portal.
 12198 | D:10     | Reached skill level 5 in Short Blades
 12230 | Bailey   | Entered a bailey
 12455 | Bailey   | Reached **** piety under Dithmenos
 12729 | Bailey   | Noticed an orc knight
 12729 | Bailey   | Noticed an orc knight
 12763 | Bailey   | Killed an orc knight
 12772 | Bailey   | Killed an orc knight
 12773 | Bailey   | Reached XP level 11. HP: 34/53 MP: 8/26
 13001 | Bailey   | Identified the +7 spear of Luducus {speed, Fly Will+ Dex-2}
 13002 | Bailey   | Identified the +1 storm dragon scales of Dishonour {rElec
                  | Will+}
 13071 | D:10     | Noticed a two-headed ogre
 13322 | D:10     | Found a staircase to the Lair.
 13390 | D:10     | Noticed Lodul
 13407 | D:10     | Noticed a two-headed ogre
 13433 | D:10     | Killed a two-headed ogre
 13744 | D:10     | Noticed a two-headed ogre
 13758 | D:10     | Reached skill level 13 in Stealth
 13773 | D:10     | Killed a two-headed ogre
 13846 | D:10     | Killed Lodul
 13992 | D:10     | Noticed a two-headed ogre
 14021 | D:10     | Killed a two-headed ogre
 14161 | D:10     | Found an opulent altar of Gozag.
 14172 | D:10     | Killed a two-headed ogre
 14266 | D:10     | Noticed a two-headed ogre
 14270 | D:10     | Killed a two-headed ogre
 14723 | D:11     | Noticed Sonja
 14730 | D:11     | Killed Sonja
 14894 | D:11     | Noticed a five-headed hydra
 14896 | D:11     | Noticed a boulder beetle
 14898 | D:11     | Killed a boulder beetle
 14899 | D:11     | Reached skill level 5 in Fighting
 14901 | D:11     | Killed a five-headed hydra
 15408 | D:12     | Noticed a six-headed hydra
 15410 | D:12     | Reached skill level 14 in Stealth
 15655 | D:12     | Noticed Josephine
 15675 | D:12     | Reached XP level 12. HP: 45/60 MP: 25/28
 15755 | D:12     | Killed Josephine
 15979 | D:12     | Killed a six-headed hydra
 16202 | D:12     | Noticed a boulder beetle
 16209 | D:12     | Killed a boulder beetle
 16222 | D:12     | Identified a scroll of acquirement
 16222 | D:12     | Acquired the +2 hat of the Lychee {rPois Dex+7}
 16307 | D:12     | Noticed Frances
 16335 | D:12     | Killed Frances
 16757 | D:12     | Noticed a centaur warrior
 16764 | D:12     | Killed a centaur warrior
 16846 | D:12     | Noticed a centaur warrior
 16851 | D:12     | Killed a centaur warrior
 16852 | D:12     | Reached skill level 10 in Dodging
 16875 | D:12     | Noticed a four-headed hydra
 16882 | D:12     | Killed a four-headed hydra
 17195 | D:12     | Found a staircase to the Orcish Mines.
 17260 | D:12     | Reached skill level 15 in Stealth
 17656 | D:13     | Noticed a boulder beetle
 17658 | D:13     | Noticed a centaur warrior
 17663 | D:13     | Killed a boulder beetle
 17667 | D:13     | Killed a centaur warrior
 18158 | D:13     | Noticed Snorg
 18160 | D:13     | Killed Snorg
 18329 | D:13     | Reached XP level 13. HP: 65/65 MP: 23/30
 18404 | D:13     | Acquired 1061 gold pieces
 19911 | D:14     | Reached skill level 16 in Stealth
 20014 | D:14     | Found a gate to the Vaults.
 20345 | Lair:1   | Entered Level 1 of the Lair of Beasts
 20618 | Lair:1   | Reached ***** piety under Dithmenos
 21214 | Lair:2   | Gained mutation: You are dopey. (Int -2) [potion of
                  | mutation]
 21214 | Lair:2   | Gained mutation: You are agile. (Dex +2) [potion of
                  | mutation]
 22585 | Lair:2   | Reached XP level 14. HP: 54/72 MP: 11/32
 22743 | Lair:2   | Found a staircase to the Swamp.
 23121 | Lair:3   | Reached skill level 10 in Short Blades
 23534 | Lair:3   | Reached skill level 17 in Stealth
 23624 | Lair:3   | You fall into a shaft and drop 3 floors!
 23624 | Lair:6   | Entered Level 6 of the Lair of Beasts
 23746 | Lair:5   | Found a large runed translucent door.
 23747 | Lair:5   | Found a large runed translucent door.
 23748 | Lair:5   | Noticed Bapho's ghost (journeyman DrBe)
 24388 | Lair:3   | Found a hole to the Spider Nest.
 25385 | Lair:5   | Found a runed translucent door.
 25385 | Lair:5   | Found a viscous altar of Jiyva.
 25386 | Lair:5   | Found a staircase to the Slime Pits.
 26010 | Lair:5   | Reached ****** piety under Dithmenos
 26053 | Lair:5   | Learned a level 7 spell: Enfeeble
 26059 | Lair:5   | Learned a level 5 spell: Lee's Rapid Deconstruction
 26308 | Lair:6   | Reached skill level 1 in Earth Magic
 26819 | Lair:6   | Reached skill level 18 in Stealth
 27131 | Lair:6   | Reached skill level 15 in Hexes
 27180 | Lair:6   | Reached XP level 15. HP: 78/78 MP: 34/34
 27400 | Lair:6   | Identified the +3 mace "Odeariuz" {flame, Int+5}
 27927 | Lair:6   | Acquired a +8 quick blade
 28297 | Lair:6   | Reached skill level 15 in Spellcasting
 28999 | Orc:1    | Entered Level 1 of the Orcish Mines
 29647 | Orc:2    | Entered Level 2 of the Orcish Mines
 29773 | Orc:2    | Found a staircase to the Elven Halls.
 29923 | Orc:2    | Found a runed translucent gate.
 29923 | Orc:2    | Found a runed translucent gate.
 29923 | Orc:2    | Found a runed translucent gate.
 30080 | Orc:2    | Noticed Viceroy's ghost (journeyman OgBe)
 30085 | Orc:2    | Found an opulent altar of Gozag.
 30242 | Orc:2    | Noticed Jorgrun
 30256 | Orc:2    | Killed Jorgrun
 30267 | Orc:2    | Found Qutes's Weapon Emporium.
 30267 | Orc:2    | Found Paidet's Magic Scroll Boutique.
 30268 | Orc:2    | Found Hyrchiz Epryo's Magic Scroll Shop.
 30268 | Orc:2    | Found Avao's Book Emporium.
 31275 | Orc:2    | Bought a scroll of enchant armour for 90 gold pieces
 31275 | Orc:2    | Bought a scroll of immolation for 42 gold pieces
 31275 | Orc:2    | Bought a scroll of enchant armour for 90 gold pieces
 31275 | Orc:2    | Bought a scroll of enchant armour for 90 gold pieces
 31275 | Orc:2    | Bought a scroll of teleportation for 36 gold pieces
 31279 | Orc:2    | Bought a book of Geomancy for 288 gold pieces
 31283 | Orc:2    | Learned a level 3 spell: Stone Arrow
 31284 | Orc:2    | Bought a scroll of teleportation for 42 gold pieces
 31284 | Orc:2    | Bought a scroll of teleportation for 42 gold pieces
 31284 | Orc:2    | Bought a scroll of magic mapping for 49 gold pieces
 31284 | Orc:2    | Bought a scroll of blinking for 105 gold pieces
 31284 | Orc:2    | Bought a scroll of blinking for 105 gold pieces
 31554 | D:15     | Entered Level 15 of the Dungeon
 32389 | D:15     | Reached skill level 19 in Stealth
 32392 | D:15     | Found a staircase to the Depths.
 32479 | D:15     | Reached XP level 16. HP: 78/84 MP: 31/36
 33518 | Spider:1 | Entered Level 1 of the Spider Nest
 34452 | Swamp:1  | Entered Level 1 of the Swamp
 34463 | Swamp:1  | Reached skill level 5 in Earth Magic
 34519 | Swamp:1  | Reached skill level 15 in Dodging
 34665 | Swamp:1  | Learned a level 4 spell: Dispel Undead
 35447 | Swamp:2  | Noticed Nikola
 35450 | Swamp:2  | Killed Nikola
 35484 | Swamp:2  | Reached skill level 10 in Fighting
 35818 | Swamp:3  | Reached skill level 20 in Stealth
 36497 | Swamp:3  | Noticed a thorn hunter
 36704 | Lair:3   | Reached XP level 17. HP: 79/89 MP: 31/38
 36726 | Lair:3   | Annihilated by a radroach

Illustrated notes

Levels and vault maps discovered:
D:1:      sevenhm_arrival_forest_fort_small_3, layout_loops_ring,
          ebering_ecumenical_altar_hall, grunt_decor_arrowhead
D:2:      layout_loops_ring, serial_co_window_serial, co_window_corner_a,
          co_window_corner_a, co_window_of_opportunity_a,
          co_window_of_opportunity_a, co_window_corner_a, co_window_paths_b,
          co_window_paths_a, co_window_paths_b, co_window_paths_a,
          co_window_corner_b, co_window_corner_cb, co_window_corner_b,
          glass_columns_b, glass_columns_b, glass_columns_a, glass_columns_b
D:3:      layout_loops_corners, minmay_misc_feat_x, hangedman_feature_mirror,
          skrybe_limestone_x, corner_web_ring, grunt_decor_one_mirror
D:4:      layout_rooms, lemuel_coloured_pillars_altar,
          minmay_temple_entry_wispy, minmay_bent
D:5:      layout_loops_ring, minmay_overflow_temple_star_quad
D:6:      layout_cave_pools, lemuel_crystal_altar, uniq_maggie, uniq_menkaure
D:7:      layout_basic, serial_co_window_serial, co_window_corner_a,
          co_window_corner_a, co_window_corner_a, co_window_paths_a,
          co_window_paths_b, co_window_corner_cb, co_window_broadway_a,
          co_window_unsneaky_path_d, co_window_corner_b,
          co_window_of_opportunity_b, co_window_2corner, co_window_sun,
          glass_columns_b, glass_columns_c, minmay_tree_intersection,
          uniq_crazy_yiuf_cottage, uniq_duvessa
D:8:      layout_gridville, nicolae_ru_path_of_blood, serial_shops,
          nicolae_square_shop, uniq_maurice
D:9:      layout_irregular_city, uniq_grum
D:10:     lemuel_ogre_cave, layout_loops_ring, amcnicky_altar_gilded,
          mainiacjoe_overflow_cross_hatched, lair_entry_dummy, enter_bailey_5,
          uniq_lodul
D:11:     layout_irregular_city, uniq_sonja
D:12:     layout_layer_cave, david_orc_1_choice, uniq_josephine, uniq_frances
D:13:     layout_roguey, item_on_display_a, uniq_snorg
D:14:     layout_basic, ximxim_vaults_locker_room
D:15:     grunt_enter_depths_magical_seal, layout_layer_cave
Temple:   nicolae_temple_great_sept
Lair:1:   layout_gridlike, grunt_megastairs_5
Lair:2:   layout_regular_city, palyth_hydra_swamp_entry, serial_forest,
          infiniplex_forest_lined_corner, infiniplex_forest_end_1,
          infiniplex_forest_clump_double, infiniplex_forest_zigzag_1,
          infiniplex_forest_clump_double, infiniplex_forest_clump_cross,
          minivault_24
Lair:3:   layout_gridlike, spider_nest_entry_a
Lair:4:   layout_cave_shapes
Lair:5:   layout_roguey, slime_altar_2, ebering_ghost_disaster_area,
          beast_lair_carwin_6
Lair:6:   minmay_lair_end_enchanted_forest, layout_gridlike,
          nicolae_volcano_entry_batcave, lemuel_fruit_fields,
          lemuel_fruit_fields
Swamp:1:  layout_falls_marsh, evilmike_swamp_ruin_house_2
Swamp:2:  layout_falls_marsh, evilmike_swamp_ruin_rubble_2, uniq_nikola
Swamp:3:  layout_basic_swamp, nicolae_swamp_bean_lake, swamp_pool1,
          nicolae_swamp_no_escape
Spider:1: layout_spider_delve, drop_trap
Orc:1:    layout_diamond_mine
Orc:2:    st_orc_ogre_mass, layout_diamond_mine, ebering_ghost_gozag,
          uniq_jorgrun

Skill      XL: |  1  2  3  4  5  6  7  8  9 10 11 12 13 14 15 16 |
---------------+-------------------------------------------------+-----
Spellcasting   | 3 4 5 6 7 9 10 11 12 13 14 15 16 | 16.6
Hexes          | 4 5 6 7 9 10 11 12 13 14 15 16 | 16.8
Stealth        | 6 7 10 11 12 14 15 16 18 19 20 | 20.3
Dodging        | 5 7 9 10 12 13 14 15 | 15.8
Fighting       | 2 3 5 6 7 8 9 10 | 10.3
Short Blades   | 3 5 7 8 9 11 12 | 12.0
Earth Magic    | 1 4 6 |  6.0

Action                   |  1- 3 |  4- 6 |  7- 9 | 10-12 | 13-15 | 16-18 || total
-------------------------+-------+-------+-------+-------+-------+-------++-------
Melee: Dagger            |   101 |   151 |   232 |   348 |   726 |       ||  1558
       Punch             |     1 |       |     3 |     8 |     7 |     7 ||    26
       Quick blade       |       |       |       |       |   427 |   325 ||   752
Throw: Dart              |       |     1 |     2 |       |       |       ||     3
 Cast: Ensorcelled Hiber |     7 |    14 |    48 |    96 |   312 |    49 ||   526
       Tukima's Dance    |       |     4 |    34 |    59 |    50 |     6 ||   153
       Confusing Touch   |       |       |    11 |    11 |    20 |    22 ||    64
       Dazzling Flash    |       |       |       |       |     6 |     4 ||    10
       Stone Arrow       |       |       |       |       |       |     8 ||     8
Invok: Shadow Step       |       |       |       |     2 |     6 |     9 ||    17
Evoke: Wand              |       |       |     8 |     2 |    11 |    10 ||    31
       Phial of floods   |       |       |       |     1 |     2 |     2 ||     5
  Use: Scroll            |     8 |     5 |    11 |     5 |    13 |     3 ||    45
       Potion            |       |       |       |     2 |     9 |     2 ||    13
 Stab: Sleeping          |    12 |    19 |    39 |    72 |   245 |    77 ||   464
       Distracted        |     1 |     2 |     3 |     1 |    10 |     3 ||    20
       Confused          |       |       |     9 |    12 |    15 |    19 ||    55
       Paralysed         |       |       |       |     2 |       |       ||     2
       Invisible         |       |       |       |       |    14 |     2 ||    16
Armor: Robe              |    12 |    13 |    19 |       |       |       ||    44
       Steam dragon scal |       |       |    23 |    33 |    71 |    19 ||   146
Dodge: Dodged            |    67 |    97 |   244 |   246 |   865 |   320 ||  1839

Table legend: (Time is in decaauts)
 A = Elapsed time spent in this place.
 B = Non-inter-level travel time spent in this place.
 C = Inter-level travel time spent in this place.
 D = Time resting spent in this place.
 E = Time spent auto-exploring this place.
 F = Levels seen in this place.
 G = Mean time per level.
                   A        B        C        D        E       F      G
               +--------+--------+--------+--------+--------+-----+--------+
         Total |  27903 |  26818 |   1085 |   6147 |  14789 |  29 |  962.2 |
       Dungeon |  16393 |  15919 |    474 |   3706 |   9246 |  15 | 1092.9 |
        Temple |    105 |     99 |      6 |      0 |     80 |   1 |  105.0 |
          Lair |   7267 |   6816 |    451 |   1485 |   3699 |   6 | 1211.2 |
         Swamp |   1649 |   1568 |     81 |    358 |    666 |   3 |  549.7 |
   Spider Nest |     33 |     33 |      0 |      0 |      0 |   1 |   33.0 |
  Orcish Mines |   1784 |   1713 |     71 |    373 |    876 |   2 |  892.0 |
        Bailey |    670 |    670 |      0 |    224 |    221 |   1 |  670.0 |
               +--------+--------+--------+--------+--------+-----+--------+

Top non-repeatable levels by time:
    D:12: 1951 daAuts
  Lair:6: 1836 daAuts
  Lair:3: 1716 daAuts
    D:10: 1478 daAuts
     D:7: 1398 daAuts
     D:3: 1283 daAuts
  Lair:2: 1272 daAuts
    D:15: 1265 daAuts
   Orc:2: 1214 daAuts
     D:1: 1192 daAuts
    D:14: 1151 daAuts
     D:5: 1110 daAuts
  Lair:5: 1077 daAuts
     D:4: 1008 daAuts
     D:9: 945 daAuts
